 Dungeon Crawl Stone Soup version 0.31-a0-833-gc15d34cb79 (webtiles) character file.

Game seed: 10280319684190403975

49 DApurpleWHUMPUS the Caller (level 3, -3/19 HPs)
             Began as a Deep Elf Summoner on Sept 26, 2023.
             Slain by a gnoll
             ... wielding a +0 spear
              (6 damage)
             ... on level 3 of the Dungeon.
             The game lasted 00:04:41 (1587 turns).

DApurpleWHUMPUS the Caller (Deep Elf Summoner)      Turns: 1587, Time: 00:04:41

Health: -3/19      AC:  2    Str:  5    XL:     3   Next: 51%
Magic:  2/10       EV: 12    Int: 21    God:
Gold:   44         SH:  0    Dex: 15    Spells: 6/10 levels left

rFire   . . .        g - +1 short sword (flame)
rCold   . . .        (no shield)
rNeg    . . .        a - +0 robe
rPois   .            (no helmet)
rElec   .            (no cloak)
rCorr   .            (no gloves)
SInv    .            (no boots)
Will    .....        (no amulet)
Stlth   ++           (no ring)
HPRegen 0.23/turn    (no ring)
MPRegen 0.12/turn

%: no passive effects
@: no status effects
A: no striking features
a: no special abilities


You were on level 3 of the Dungeon.
You visited 1 branch of the dungeon, and saw 3 of its levels.

You collected 44 gold pieces.

Inventory:

Hand Weapons
 g - a +1 short sword of flaming (weapon)
Missiles
 o - 3 poisoned darts
Armour
 a - a +0 robe (worn)
Scrolls
 f - 2 scrolls of identify {unknown}
 h - a scroll of blinking {unknown}
 j - a scroll of teleportation {unknown}
 l - a scroll of immolation {unknown}
 m - a scroll of enchant weapon {unknown}
 n - a scroll of fog {unknown}
Potions
 b - a potion of magic
 c - 2 potions of berserk rage {unknown}
 d - 4 potions of curing {unknown}
 e - a potion of mutation {unknown}
 i - a potion of heal wounds {unknown}
 k - a potion of lignification {unknown}


   Skills:
 - Level 2.4 Dodging
 - Level 2.4 Stealth
 + Level 4.3 Spellcasting
 + Level 5.1 Summonings


You had 6 spell levels left.
You knew the following spells:

 Your Spells              Type           Power      Damage    Failure   Level
a - Summon Small Mammal   Summ           100%       N/A       1%          1
b - Summon Guardian Gole  Hex/Summ       15%        N/A       12%         3

Your spell library contained the following spells:

 Spells                   Type           Power      Damage    Failure   Level
 Call Imp                 Summ           52%        N/A       1%          2
 Call Canine Familiar     Summ           26%        N/A       4%          3
 Summon Lightning Spire   Summ/Air       15%        N/A       36%         4
 Manifold Assault         Tloc           4%         N/A       75%         4
 Dispersal                Tloc           2%         N/A       100%        6
 Malign Gateway           Summ/Tloc      7%         N/A       100%        7
 Disjunction              Tloc           2%         N/A       100%        8
 Summon Horrible Things   Summ           13%        N/A       100%        8


Dungeon Overview and Level Annotations

Branches:
Dungeon (3/15)

Altars:


Message History

Your quokka's corpse disappears in a puff of smoke!
The gnoll hits your guardian golem but does no damage.
The gnoll hits your guardian golem but does no damage.
The gnoll hits your guardian golem with a +0 spear.
Casting: Summon Guardian Golem (extremely dangerous; 12% risk of failure)
Confirm with . or Enter, or press ? or * to list all spells.
Found 5 gold pieces.
You swap places.
Your quokka completely misses the gnoll.
The gnoll hits your quokka with a +0 club.
Found 23 gold pieces.
Your quokka bites the gnoll.
The gnoll hits your quokka with a +0 club.
Your quokka dies!
Your quokka's corpse disappears in a puff of smoke!
Casting: Summon Small Mammal (safe; 1% risk of failure)
Confirm with . or Enter, or press ? or * to list all spells.
You swap places.
Your rat barely misses the gnoll.
The gnoll hits your rat with a +0 club. The gnoll barely misses your rat.
Your rat bites the gnoll.
Your rat closely misses the gnoll.
The gnoll hits your rat with a +0 club.
Your rat bites the gnoll but does no damage.
The gnoll barely misses your rat.
Your rat closely misses the gnoll.
The gnoll hits your rat with a +0 club!
Your rat dies!
Your rat's corpse disappears in a puff of smoke!
The gnoll shouts!
You hear a shout!
You hit the gnoll. You burn the gnoll.
You kill the gnoll!
The gnoll hits you from afar with a +0 spear.
Things that are here:
a +0 club; a gnoll corpse Your guardian golem disappears in a puff of smoke!
The gnoll hits you from afar with a +0 spear.
The gnoll hits you with a +1 short sword of freezing.
* * * LOW HITPOINT WARNING * * *
The gnoll freezes you.
* * * LOW HITPOINT WARNING * * *
The gnoll hits you from afar with a +0 spear.
You die...

.......... ...
9######### #.$ .# #.# §#
#.# ##### .# #.# .....
.########## #.#....$.
..........######.#......
.............ggg§.......
.####........#.#@#.#####
.............#.#.# #
#####........#.#.#
..........#$#.#
.##........#.#.# .
#........#....
#........###.. #........
#.# #.#


You could see 2 gnolls and a hobgoblin.

Vanquished Creatures
  A gnoll (D:3)
  A ball python (D:1)
  3 endoplasms (D:1)
  2 kobolds (D:1)
  A bat (D:1)
  A frilled lizard (D:1)
  A rat (D:1)
10 creatures vanquished.

Vanquished Creatures (collateral kills)
  A worm (D:2)
  2 ball pythons
  5 bats
  2 endoplasms
  2 giant cockroaches
  2 goblins (D:1)
  A hobgoblin (D:2)
  A kobold (D:1)
  A quokka (D:1)
  4 frilled lizards
  3 rats
24 creatures vanquished.

Grand Total: 34 creatures vanquished

Notes
Turn   | Place    | Note
-------+----------+-------------------------------------------
     0 | D:1      | DApurpleWHUMPUS the Deep Elf Summoner began the quest for
                  | the Orb.
     0 | D:1      | Reached XP level 1. HP: 10/10 MP: 6/6
   273 | D:1      | Found a faded altar of an unknown god.
   278 | D:1      | Reached XP level 2. HP: 13/15 MP: 6/8
   945 | D:2      | Reached XP level 3. HP: 17/19 MP: 7/10
   974 | D:2      | Reached skill level 5 in Summonings
  1346 | D:2      | Learned a level 3 spell: Summon Guardian Golem
  1587 | D:3      | Slain by a gnoll

Illustrated notes

Levels and vault maps discovered:
D:1:      nzn_arrival_settlement, layout_basic,
          shapermc_ecumenical_altar_acropolis, minmay_large_rounded_square
D:2:      layout_rooms, serial_bayou_ford_a, minmay_misc_feat_rows
D:3:      layout_basic, general_overflow_altar, serial_shops, shop,
          serial_bayou, serial_bayou_crossing, serial_bayou_pond_d,
          serial_bayou_shore_b, serial_bayou_pond_a,
          wander_ebering_terrifying_dragon_lair

Skill      XL: |  1  2  3 |
---------------+----------+-----
Spellcasting   | 4 |  4.3
Summonings     | 5 |  5.1
Dodging        | |  2.4
Stealth        | |  2.4

Action                     || total
---------------------------++-------
  Melee: Short sword       ||    27
         Unarmed           ||     1
         Punch             ||     1
   Cast: Summon Small Mamm ||    53
         Summon Guardian G ||     4
   Stab: Sleeping          ||     1
 Armour: Robe              ||    41
  Dodge: Dodged            ||    51

Table legend: (Time is in decaauts)
 A = Elapsed time spent in this place.
 B = Non-inter-level travel time spent in this place.
 C = Inter-level travel time spent in this place.
 D = Time resting spent in this place.
 E = Time spent auto-exploring this place.
 F = Levels seen in this place.
 G = Mean time per level.
                   A        B        C        D        E       F      G
               +--------+--------+--------+--------+--------+-----+--------+
         Total |   1590 |   1499 |     91 |     53 |   1010 |   3 |  530.0 |
       Dungeon |   1590 |   1499 |     91 |     53 |   1010 |   3 |  530.0 |
               +--------+--------+--------+--------+--------+-----+--------+

Top non-repeatable levels by time:
     D:1: 937 daAuts
     D:2: 554 daAuts
     D:3: 97 daAuts
